 Dungeon Crawl Stone Soup version 0.28-a0-175-gb2089b6bb7 (webtiles) character file.

Game seed: 14163595810993745197

1 Nattfarinn the Caller (level 1, -2/13 HPs)
             Began as a Barachi Summoner on Aug 17, 2021.
             Slain by a quokka (4 damage)
             ... on level 1 of the Dungeon.
             The game lasted 00:00:36 (195 turns).

Nattfarinn the Caller (Barachi Summoner)             Turns: 195, Time: 00:00:38

Health: -2/13      AC:  2    Str:  9    XL:     1   Next: 20%
Magic:  0/3        EV: 12    Int: 15    God:
Gold:   13         SH:  0    Dex: 12    Spells: 3/4 levels left

rFire   . . .      SeeInvis .   (no weapon)
rCold   . . .      Faith    .   (no shield)
rNeg    . . .      Spirit   .   a - +0 robe
rPois   .          Reflect  .   (no helmet)
rElec   .          Harm     .   (no cloak)
rCorr   .          Rampage  .   (no gloves)
Will    .....                   (no boots)
Stlth   ++........              (no amulet)
HPRegen 0.04/turn               (no ring)
MPRegen 0.08/turn               (no ring)

@: slow
A: amphibious, slowness 1, strong legs 1, +LOS
a: Hop


You were on level 1 of the Dungeon.
You visited 1 branch of the dungeon, and saw 1 of its levels.

You collected 13 gold pieces.

Inventory:

Armour
 a - a +0 robe (worn)
Scrolls
 b - a scroll of identify {unknown}
 c - 2 scrolls of torment {unknown}


   Skills:
 - Level 2.1 Dodging
 - Level 1.7 Stealth
 + Level 2.2 Spellcasting
 * Level 4.9 Summonings


You had 3 spell levels left.
You knew the following spells:

 Your Spells              Type           Power      Damage    Failure   Level
a - Summon Small Mammal   Summ           64%        N/A       3%          1

Your spell library contained the following spells:

 Spells                   Type           Power      Damage    Failure   Level
 Call Imp                 Summ           16%        N/A       4%          2
 Call Canine Familiar     Summ           16%        N/A       9%          3
 Summon Guardian Golem    Hex/Summ       9%         N/A       24%         3
 Summon Lightning Spire   Summ/Air       9%         N/A       61%         4


Dungeon Overview and Level Annotations

Branches:
Dungeon (1/15)

Altars:


Innate Abilities, Weirdness & Mutations

You are amphibious.
You cover ground slowly.
You can hop short distances.
You have an extended range of vision and can be seen from far away.


Message History

Your bat disappears in a puff of smoke!
b - a scroll labelled DUURACZAEB
c - 2 scrolls labelled RESEZIOSHUTU You open the door.
There is an open door here.
You see here a rat corpse. 2 jackals come into view.
The jackal barks! x2
A quokka comes into view.
There are monsters nearby!
The jackal bites you. The jackal barely misses you.
The jackal bites you but does no damage.
The jackal barely misses you. x2; Your rat bites the jackal.
The quokka closely misses you. The jackal bites you.
The jackal bites you but does no damage.
Your rat closely misses the jackal.
Your rat bites the jackal but does no damage.
The quokka completely misses you.
You are too depleted to draw on your mana recklessly!
You are too depleted to draw on your mana recklessly!
Unknown command.
You barely miss the quokka. Your bat hits the quokka. The jackal bites you. x2
Your bat hits the quokka but does no damage.
The quokka bites you. The jackal bites you. The jackal closely misses you.
Your rat bites the jackal but does no damage.
Your rat barely misses the jackal.
You closely miss the quokka.
The quokka is moderately wounded.
The jackal bites you but does no damage.
The jackal misses you.
The quokka bites you but does no damage.
Your rat misses the jackal.
Your rat bites the jackal.
You closely miss the quokka.
The quokka is moderately wounded.
Your bat hits the quokka but does no damage.
The jackal barely misses you. The jackal bites you.
* * * LOW HITPOINT WARNING * * *
The quokka bites you.
You die...

....# ##..# ###+#######
≈≈..###.........#
≈.#..##.........#########
.....##..................
.....##..................
.....##...†..............
........#'#####..........
..≈.#.#.#.# #.@r.......
.≈≈.#...#.# #rhhb......
..≈.##..#.# #.r........
....##..#.# #..........
........#.# #..........
+#....#.#.# #..........
...).#.#.# #..........
.....#.#.# ###########
....#..


You could see a quokka (ally target), 2 jackals, a friendly bat (summoned) and 2
friendly rats.

Vanquished Creatures
  A rat (D:1)
1 creature vanquished.

Vanquished Creatures (collateral kills)
  An endoplasm (D:1)
1 creature vanquished.

Grand Total: 2 creatures vanquished

Notes
Turn   | Place    | Note
-------+----------+-------------------------------------------
     0 | D:1      | Nattfarinn the Barachi Summoner began the quest for the
                  | Orb.
     0 | D:1      | Reached XP level 1. HP: 13/13 MP: 3/3
   195 | D:1      | Slain by a quokka

Illustrated notes

Levels and vault maps discovered:
D:1:      giann_horns, layout_basic, serial_rivers,
          chequers_serial_rivers_small_b, chequers_serial_rivers_micro_e,
          chequers_serial_rivers_micro_e, chequers_serial_rivers_micro_a,
          chequers_serial_rivers_micro_d

Action                   || total
-------------------------++-------
Melee: Unarmed           ||     4
 Cast: Summon Small Mamm ||    11
Armor: Robe              ||     5
Dodge: Dodged            ||     8

Table legend: (Time is in decaauts)
 A = Elapsed time spent in this place.
 B = Non-inter-level travel time spent in this place.
 C = Inter-level travel time spent in this place.
 D = Time resting spent in this place.
 E = Time spent auto-exploring this place.
 F = Levels seen in this place.
 G = Mean time per level.
                   A        B        C        D        E       F      G
               +--------+--------+--------+--------+--------+-----+--------+
         Total |    211 |    211 |      0 |      0 |    104 |   1 |  211.0 |
       Dungeon |    211 |    211 |      0 |      0 |    104 |   1 |  211.0 |
               +--------+--------+--------+--------+--------+-----+--------+

Top non-repeatable levels by time:
     D:1: 211 daAuts
